 Dungeon Crawl Stone Soup version 0.30.0-29-ga12c61a403 (webtiles) character file.

Game seed: 18216784186429895373

479 qw the Chopper (level 7, 0/43 HPs)
             Began as a Gargoyle Fighter on June 3, 2023.
             Slain by an ogre
             ... wielding a +0 giant club
              (22 damage)
             ... on level 4 of the Dungeon.
             The game lasted 00:01:20 (2784 turns).

qw the Chopper (Gargoyle Fighter)                   Turns: 2784, Time: 00:01:21

Health: 0/43       AC: 24    Str: 19 (21) XL:     7   Next: 11%
Magic:  7/7        EV: 10    Int:  7 (9)  God:
Gold:   284        SH:  4    Dex:  7 (9)  Spells: 6/6 levels left

rFire   + . .        Y - +1 war axe (protect)
rCold   . . .        c - +0 buckler
rNeg    + . .        v - +0 plate armour
rPois   inf          (no helmet)
rElec   +            (no cloak)
rCorr   .            e - +0 pair of gloves
SInv    .            (no boots)
Will    .....        (no amulet) Stlth
                     l - ring of protection from fire
HPRegen 0.27/turn    m - +5 ring of evasion
MPRegen 0.10/turn

%: no passive effects
@: under a protective aura
A: sickness immunity, AC +4, negative energy resistance 1, electricity
resistance, torment resistance 1, petrification resistance
a: no special abilities


You were on level 4 of the Dungeon.
You visited 1 branch of the dungeon, and saw 4 of its levels.

You collected 284 gold pieces.


Innate Abilities, Weirdness & Mutations

You are immune to sickness and miasma.
Your stone body is resilient. (AC +4)
You are immune to poison.
You resist negative energy. (rN+)
You are resistant to electric shocks. (rElec)
You are resistant to unholy torment.
You are immune to petrification.


   Skills:
 - Level 4.1 Fighting
 - Level 6.0 Axes
 - Level 2.0 Throwing
 + Level 3.2 Armour
 - Level 0.2 Dodging
 - Level 3.2 Shields


You had 6 spell levels left.
You didn't know any spells.
Your spell library was empty.

Inventory:

Hand Weapons
 i - a +0 whip
 Y - a +1 war axe of protection (weapon)
Missiles
 h - 2 silver javelins (quivered)
Armour
 c - a +0 buckler (worn)
 e - a +0 pair of gloves (worn)
 v - a +0 plate armour (worn)
Jewellery
 l - a ring of protection from fire (left hand)
 m - a +5 ring of evasion (right hand)
Scrolls
 a - a scroll of identify
 b - a scroll of fog {unknown}
 g - a scroll of vulnerability {unknown}
 n - 3 scrolls of teleportation
Potions
 d - 3 potions of might
 f - a potion of heal wounds
 j - a potion of curing
 k - a potion of attraction
 o - a potion of invisibility {unknown}
 p - a potion of lignification {unknown}
 q - a potion of ambrosia {unknown}
 t - a potion of magic {unknown}

Dungeon Overview and Level Annotations

Branches:
Dungeon (4/15)
 Temple: D:4-7

Altars:
Cheibriados

Annotations:
D:3 1 runed translucent door, qw's ghost, amateur GrFi


Message History

You barely miss the gnoll. The gnoll hits you with a +0 spear.
You barely miss the gnoll. You block the gnoll's attack.
An ogre comes into view. It is wielding a +0 giant club.
You completely miss the gnoll.
The ogre shouts!
The gnoll hits you but does no damage. The gnoll barely misses you.
You closely miss the gnoll. The gnoll closely misses you.
You slash the gnoll!
Your weapon exudes an aura of protection.
You kill the gnoll!
You feel your strength returning.
Your Throwing skill increases to level 2!
2775 ||| FLEEEEING.
2776 ||| FLEEEEING.
2777 ||| FLEEEEING.
2778 ||| FLEEEEING.
2779 ||| FLEEEEING.
A scorpion comes into view.
You throw a silver javelin.
The silver javelin pierces through the ogre!
The ogre is heavily wounded.
You throw a silver javelin.
The silver javelin barely misses the scorpion.
The ogre hits you with a +0 giant club.
You hit the ogre.
Your weapon exudes an aura of protection.
The ogre is heavily wounded.
The ogre hits you with a +0 giant club.
You barely miss the ogre.
The ogre is heavily wounded.
You block the scorpion's attack.
You hit the ogre.
The ogre is severely wounded.
You barely miss the scorpion.
The ogre hits you with a +0 giant club!!
Ouch! That really hurt!
You die...

..+. (........## ..##.
....(....#. .......##)........#
######+...# #..)))........
..........###..#.)..!..(..
##...........# +.)........
#.......... #..........
#.......... #Os........
#...........###@.........
#...###.###.#..#.######## #...#
# #......## #...# ##.......#
....... #...# ####........##
#........ #...#
.............###......... #...#
##....).......##......... #...#
#..............#.........
#...##.........................


You could see an ogre and a scorpion.

Vanquished Creatures
  An ogre (D:4)
  An orc priest (D:3)
  A hound (D:4)
  Natasha (thrice) (D:2)
  An iguana (D:3)
  2 orc wizards (D:3)
  4 gnolls (D:4)
  5 adders
  A worm (D:3)
  A dart slug (D:4)
  13 orcs
  5 endoplasms
  A giant cockroach (D:1)
  6 goblins
  8 hobgoblins
  7 jackals
  4 kobolds
  5 quokkas
  6 ball pythons
  7 bats
  A frilled lizard (D:3)
  2 rats
85 creatures vanquished.

Notes
Turn   | Place    | Note
-------+----------+-------------------------------------------
     0 | D:1      | qw the Gargoyle Fighter began the quest for the Orb.
     0 | D:1      | Reached XP level 1. HP: 14/14 MP: 1/1
     0 | D:1      | 0 ||| qw: Version: 0.2-a-103-g5a998e5
     0 | D:1      | 0 ||| qw: Game counter: 1051
     0 | D:1      | 0 ||| qw: Always use a shield: true
     0 | D:1      | 0 ||| qw: God list: Okawaru
     0 | D:1      | 0 ||| qw: Allow faded altars: false
     0 | D:1      | 0 ||| qw: Do Orc after D:15 true
     0 | D:1      | 0 ||| qw: Do second Lair branch before Depths: true
     0 | D:1      | 0 ||| qw: Lair rune preference: random
     0 | D:1      | 0 ||| qw: Plans: Normal, Zot:1-4, Slime:5, God:TSO, Crypt,
                  | Tomb, Pan, Hells, Abyss, Win
     0 | D:1      | 0 ||| PLANNING D:1-11
   106 | D:1      | Reached skill level 2 in Axes
   181 | D:1      | Reached XP level 2. HP: 19/19 MP: 2/2
   203 | D:1      | 203 ||| DROPPING +0 club.
   618 | D:1      | Reached skill level 3 in Axes
   641 | D:1      | Reached XP level 3. HP: 23/23 MP: 3/3
   753 | D:1      | 753 ||| UPGRADING to +0 pair of gloves.
   758 | D:1      | 758 ||| READING 2 scrolls labelled ZUTUXY ROCVILODERPH.
   759 | D:1      | 759 ||| READING scroll labelled URPHOU ALAHI.
   771 | D:2      | Noticed Natasha
   775 | D:2      | Killed Natasha
   776 | D:2      | Reached skill level 1 in Throwing
   797 | D:2      | Noticed Natasha
   802 | D:2      | Killed Natasha
   803 | D:2      | Reached XP level 4. HP: 27/28 MP: 4/4
   839 | D:2      | 839 ||| Stepping ~*~*~tactically~*~*~ (hiding).
   938 | D:2      | Found a faded altar of an unknown god.
  1313 | D:2      | Noticed Natasha
  1314 | D:2      | 1314 ||| FLEEEEING.
  1319 | D:2      | 1319 ||| FLEEEEING.
  1320 | D:2      | 1320 ||| FLEEEEING.
  1321 | D:2      | 1321 ||| FLEEEEING.
  1322 | D:2      | 1322 ||| FLEEEEING.
  1323 | D:2      | 1323 ||| FLEEEEING.
  1324 | D:2      | 1324 ||| FLEEEEING.
  1325 | D:2      | 1325 ||| FLEEEEING.
  1326 | D:2      | 1326 ||| FLEEEEING.
  1327 | D:2      | 1327 ||| FLEEEEING.
  1328 | D:2      | 1328 ||| FLEEEEING.
  1329 | D:2      | 1329 ||| FLEEEEING.
  1336 | D:2      | Killed Natasha
  1337 | D:2      | Reached skill level 4 in Axes
  1337 | D:2      | Reached XP level 5. HP: 15/32 MP: 5/5
  1430 | D:2      | 1430 ||| UPGRADING to ring of protection from fire.
  1431 | D:2      | 1431 ||| UPGRADING to +5 ring of evasion.
  1432 | D:2      | 1432 ||| READING scroll labelled ZIKUUNGARA.
  1433 | D:2      | 1433 ||| READING scroll labelled GUARUD KI IRYWKUDD.
  1434 | D:2      | 1434 ||| DRINKING 2 murky grey potions.
  1625 | D:3      | 1625 ||| Stepping ~*~*~tactically~*~*~ (stealth).
  1773 | D:3      | Reached skill level 5 in Axes
  1777 | D:3      | 1777 ||| Stepping ~*~*~tactically~*~*~ (stealth).
  1779 | D:3      | 1779 ||| Stepping ~*~*~tactically~*~*~ (stealth).
  1781 | D:3      | 1781 ||| Stepping ~*~*~tactically~*~*~ (hiding).
  1782 | D:3      | 1782 ||| Stepping ~*~*~tactically~*~*~ (stealth).
  1789 | D:3      | Reached XP level 6. HP: 37/37 MP: 6/6
  1809 | D:3      | HP: 7/37 [something/magic dart (7)]
  1814 | D:3      | 1814 ||| FLEEEEING.
  1815 | D:3      | 1815 ||| FLEEEEING.
  1896 | D:3      | 1896 ||| FLEEEEING.
  1897 | D:3      | 1897 ||| FLEEEEING.
  1899 | D:3      | 1899 ||| FLEEEEING.
  1943 | D:3      | 1943 ||| Stepping ~*~*~tactically~*~*~ (hiding).
  2216 | D:3      | Found a snail-covered altar of Cheibriados.
  2386 | D:3      | 2386 ||| Stepping ~*~*~tactically~*~*~ (stealth).
  2446 | D:3      | Found a runed translucent door.
  2446 | D:3      | Noticed qw's ghost (amateur GrFi)
  2553 | D:3      | 2553 ||| UPGRADING to +0 chain mail.
  2563 | D:3      | 2563 ||| DROPPING +0 scale mail.
  2564 | D:3      | 2564 ||| UPGRADING to +0 plate armour.
  2574 | D:3      | 2574 ||| DROPPING +0 chain mail.
  2575 | D:3      | 2575 ||| READING 2 scrolls labelled SEGREM ZAURIS.
  2576 | D:3      | 2576 ||| READING 2 scrolls labelled PYMIPYMOID.
  2577 | D:3      | 2577 ||| READING scroll of brand weapon.
  2577 | D:3      | 2577 ||| BRANDING +0 war axe of freezing.
  2578 | D:3      | 2578 ||| READING scroll labelled YLIYRAZIUL.
  2593 | D:3      | 2593 ||| READING scroll labelled ISEUREALYU.
  2594 | D:3      | 2594 ||| DRINKING 2 black potions.
  2595 | D:3      | 2595 ||| DRINKING 2 sedimented yellow potions.
  2596 | D:3      | 2596 ||| DRINKING 2 sedimented red potions.
  2597 | D:3      | 2597 ||| READING 3 scrolls of identify.
  2597 | D:3      | 2597 ||| IDENTIFYING glowing inky potion
  2598 | D:3      | 2598 ||| READING 2 scrolls of identify.
  2598 | D:3      | 2598 ||| IDENTIFYING bubbling red potion
  2599 | D:3      | 2599 ||| DROPPING potion of flight.
  2600 | D:3      | 2600 ||| DROPPING potion of brilliance.
  2601 | D:3      | 2601 ||| DROPPING scroll of blinking.
  2602 | D:3      | 2602 ||| DROPPING potion of degeneration.
  2637 | D:4      | 2637 ||| Stepping ~*~*~tactically~*~*~ (hiding).
  2747 | D:4      | 2747 ||| Stepping ~*~*~tactically~*~*~ (stealth).
  2762 | D:4      | Reached XP level 7. HP: 29/43 MP: 7/7
  2764 | D:4      | Reached skill level 6 in Axes
  2775 | D:4      | 2775 ||| FLEEEEING.
  2776 | D:4      | 2776 ||| FLEEEEING.
  2777 | D:4      | 2777 ||| FLEEEEING.
  2778 | D:4      | 2778 ||| FLEEEEING.
  2779 | D:4      | 2779 ||| FLEEEEING.
  2784 | D:4      | Slain by an ogre

Levels and vault maps discovered:
D:1:      amcnicky_arrival_gap_in_the_tavern_cellar, layout_basic
D:2:      layout_rooms, chequers_ecumenical_altar_lobes, uniq_natasha
D:3:      layout_basic, amcnicky_altar_gilded, ebering_ghost_inner_flame
D:4:      layout_basic, serial_shops, shop, minmay_pentomino_pile

Skill      XL: |  1  2  3  4  5  6  7 |
---------------+----------------------+-----
Axes           | 2 3 4 5 6 |  6.0
Throwing       | 1 2 |  2.0
Fighting       | 4 |  4.1
Armour         | |  3.2
Dodging        | |  0.2
Shields        | |  3.2

Action                     |  1- 3 |  4- 6 |  7- 9 || total
---------------------------+-------+-------+-------++-------
  Melee: War axe           |    38 |   112 |    15 ||   165
  Throw: Javelin           |    18 |    28 |     2 ||    48
    Use: Scroll            |     2 |     9 |       ||    11
         Potion            |       |     4 |       ||     4
 Armour: Scale mail        |    15 |    56 |       ||    71
         Plate armour      |       |    28 |     9 ||    37
  Dodge: Dodged            |    16 |    99 |     8 ||   123
  Block: Buckler           |     5 |    18 |     2 ||    25

Table legend:
 A = Non-vault XP
 B = Vault XP
 C = Vault XP percentage of total XP
 D = Non-vault monster count
 E = Vault monster count
 F = Vault count percentage of total count
                 A         B        C        D         E       F
            +---------+---------+-------+---------+---------+-------
      Total |     635 |      50 |   7.3 |      83 |       2 |   2.4
            +---------+---------+-------+---------+---------+-------
        D:1 |      36 |       0 |   0.0 |      21 |       0 |   0.0
        D:2 |     118 |      37 |  23.9 |      15 |       1 |   6.2
        D:3 |     226 |       0 |   0.0 |      30 |       0 |   0.0
        D:4 |     255 |      13 |   4.9 |      17 |       1 |   5.6
            +---------+---------+-------+---------+---------+-------
